 Dungeon Crawl Stone Soup version 0.29.0-4-gdea44cf6ec (webtiles) character file.

Game seed: 5887119433372611421

1339 qw the Cleaver (level 8, -1/48 HPs)
             Began as a Tengu Warper on Aug 28, 2022.
             Slain by a gnoll
             ... wielding a +0 spear
              (7 damage)
             ... on level 5 of the Dungeon.
             The game lasted 00:00:34 (5036 turns).

qw the Cleaver (Tengu Warper)                       Turns: 5036, Time: 00:00:35

Health: -1/48      AC: 11    Str: 13    XL:     8   Next: 61%
Magic:  13/13      EV:  7    Int: 12    God:
Gold:   229        SH:  0    Dex: 14    Spells: 11/11 levels left

rFire   . . .      SeeInvis +   q - +1 war axe (spect)
rCold   . . .      Faith    .   (no shield)
rNeg    . . .      Spirit   .   c - +0 chain mail
rPois   .          Reflect  .   (helmet restricted)
rElec   .          Harm     .   e - +0 cloak
rCorr   .          Rampage  .   g - +0 pair of gloves
Will    .....                   (boots unavailable)
Stlth   ..........              i - amulet of the acrobat
HPRegen 0.16/turn               d - +4 ring of slaying {mikee}
MPRegen 0.13/turn               m - ring of see invisible

@: about to teleport, flying quickly and evasively, quick
A: beak, talons 3, nimble flight, dopey 1, high MP 1
a: no special abilities


You were on level 5 of the Dungeon.
You visited 1 branch of the dungeon, and saw 5 of its levels.

You collected 229 gold pieces.


Innate Abilities, Weirdness & Mutations

You have a beak for a mouth.
You have claws for feet.
Your magical nature lets you fly swiftly and evasively.
You are dopey. (Int -2)
You have an increased reservoir of magic. (+10% MP)


   Skills:
 + Level 4.0 Fighting
 - Level 10.0 Axes
 - Level 1.0 Throwing
 - Level 4.0 Armour
 - Level 2.1 Dodging
 - Level 2.0 Spellcasting
 - Level 2.4 Translocations


You had 11 spell levels left.
You didn't know any spells.
Your spell library contained the following spells:

 Spells                   Type           Power      Damage    Failure   Level
 Blink                    Tloc           12%        N/A       99%         2
 Gell's Gravitas          Tloc           6%         N/A       100%        3
 Lesser Beckoning         Tloc           6%         N/A       100%        3
 Teleport Other           Tloc           6%         N/A       100%        3
 Manifold Assault         Tloc           6%         N/A       100%        5

Inventory:

Hand Weapons
 k - a +0 morningstar
 q - a +1 spectral war axe (weapon)
Missiles
 o - 7 boomerangs (quivered)
Armour
 c - a +0 chain mail (worn)
 e - a +0 cloak (worn)
 g - a +0 pair of gloves (worn)
 r - a +0 buckler
Jewellery
 d - a +4 ring of slaying (left hand) {mikee}
 i - an amulet of the acrobat (around neck)
 m - a ring of see invisible (right hand)
Scrolls
 b - a scroll of teleportation
 p - a scroll of identify
Potions
 a - 4 potions of curing
 f - 2 potions of heal wounds
 h - 3 potions of mutation
 j - a potion of berserk rage {unknown}
 l - a potion of haste {unknown}
 n - a potion of lignification {unknown}

Dungeon Overview and Level Annotations

Branches:
Dungeon (5/15)
 Temple: D:4-7

Altars:

Shops:
D:4 (   D:5 *


Message History

You kill the gnoll!
Your +1 spectral war axe hits the gnoll!
Your +1 spectral war axe hits the gnoll.
The gnoll closely misses you.
Something misses your +1 spectral war axe.
The gnoll hits you from afar with a +0 spear.
Your Armour skill increases to level 4!
A gnoll sergeant comes into view. It is wielding a +0 trident.
You swap places.
A gnoll bouda comes into view. It is wielding a +0 club.
A gnoll comes into view.
The gnoll completely misses you.
The gnoll bouda shouts!
Things that are here:
a +3 halberd of protection; a gnoll corpse You hit the gnoll but do no damage.
You claw the gnoll, but do no damage.
The gnoll is heavily wounded.
You hit the gnoll bouda. You hit the gnoll.
Your +1 spectral war axe hits the gnoll bouda!
Your +1 spectral war axe barely misses the gnoll.
Your +1 spectral war axe hits the gnoll.
The gnoll barely misses you.
The gnoll closely misses your +1 spectral war axe.
The gnoll hits you with a +0 flail. The gnoll barely misses you.
You hit the gnoll bouda.
You peck the gnoll bouda, but do no damage.
The gnoll bouda is almost dead.
You slash the gnoll! You closely miss the gnoll.
The gnoll bouda hits you with a +0 club!
The gnoll hits you from afar with a +0 spear.
The gnoll misses your +1 spectral war axe.
The gnoll hits you but does no damage. x2
5036 ||| READING 2 scrolls of teleportation.
As you read the scroll of teleportation, it crumbles to dust.
You feel strangely unstable.
The gnoll hits you from afar with a +0 spear.
The gnoll bouda barks out a call to the hunt!
The gnolls pick up the pace!
The gnoll barely misses you. The gnoll hits you with a +0 spear!
You die...

#### ###.# #..#
...###...# +...+ #..#
.........# +...+ #..#
.........#####...#####..#
.........##.....g...##..#
......)..##....gg...##..#
....#...?##......g..##..#
....#....##...)ggg..##..#
..........####.g@####...#
................(.......#
......#.................#
#....####....############
......^#..#....##
..##......#.....#
..#.............#
#.##..........##
#.##..[..#.....#


You could see a gnoll sergeant (swift), a gnoll bouda and 6 gnolls.

Vanquished Creatures
  Edmund (D:4)
  A water moccasin (D:5)
  An ice beast (D:4)
  A black bear (D:5)
  2 ogres
  2 phantoms
  A gnoll sergeant (D:5)
  A howler monkey (D:5)
  2 orc priests
  A gnoll bouda (D:5)
  3 hounds (D:5)
  3 iguanas
  An orc wizard (D:4)
  9 gnolls (D:5)
  3 adders
  2 white imps (D:5)
  2 ufetubi (D:5)
  2 dart slugs
  16 orcs
  4 ball pythons
  4 bats
  6 endoplasms
  3 giant cockroaches
  6 hobgoblins
  10 jackals
  2 quokkas
  2 frilled lizards (D:1)
  5 goblins
  6 kobolds
  6 rats
108 creatures vanquished.

Vanquished Creatures (others)
  3 plants (D:1)
3 creatures vanquished.

Grand Total: 111 creatures vanquished

Notes
Turn   | Place    | Note
-------+----------+-------------------------------------------
     0 | D:1      | qw the Tengu Warper began the quest for the Orb.
     0 | D:1      | Reached XP level 1. HP: 12/12 MP: 4/4
     0 | D:1      | 0 ||| qw: Version: 0.1-a-89-g26bdef1
     0 | D:1      | 0 ||| qw: Game counter: 1254
     0 | D:1      | 0 ||| qw: Always use a shield: true
     0 | D:1      | 0 ||| qw: God list: Okawaru
     0 | D:1      | 0 ||| qw: Allow faded altars: false
     0 | D:1      | 0 ||| qw: Do Orc after D:15 true
     0 | D:1      | 0 ||| qw: Do second Lair branch before Depths: true
     0 | D:1      | 0 ||| qw: Lair rune preference: random
     0 | D:1      | 0 ||| qw: Plans: Normal
     0 | D:1      | 0 ||| PLANNING D:1-11
   185 | D:1      | Reached XP level 2. HP: 17/17 MP: 6/6
   235 | D:1      | Reached skill level 3 in Axes
   769 | D:1      | 769 ||| DROPPING +0 club.
   785 | D:1      | 785 ||| Stepping ~*~*~tactically~*~*~ (stealth).
   787 | D:1      | 787 ||| Stepping ~*~*~tactically~*~*~ (stealth).
   803 | D:1      | 803 ||| Stepping ~*~*~tactically~*~*~ (stealth).
   805 | D:1      | 805 ||| Stepping ~*~*~tactically~*~*~ (stealth).
   807 | D:1      | 807 ||| Stepping ~*~*~tactically~*~*~ (stealth).
   808 | D:1      | 808 ||| Stepping ~*~*~tactically~*~*~ (stealth).
   809 | D:1      | 809 ||| Stepping ~*~*~tactically~*~*~ (stealth).
   955 | D:1      | 955 ||| Stepping ~*~*~tactically~*~*~ (stealth).
   956 | D:1      | 956 ||| Stepping ~*~*~tactically~*~*~ (stealth).
   957 | D:1      | 957 ||| Stepping ~*~*~tactically~*~*~ (stealth).
   960 | D:1      | 960 ||| Stepping ~*~*~tactically~*~*~ (stealth).
   965 | D:1      | Reached XP level 3. HP: 21/21 MP: 7/7
   980 | D:1      | Reached skill level 4 in Axes
  1095 | D:1      | Found a faded altar of an unknown god.
  1228 | D:1      | 1228 ||| Stepping ~*~*~tactically~*~*~ (stealth).
  1279 | D:1      | 1279 ||| UPGRADING to +0 ring mail.
  1289 | D:1      | 1289 ||| DROPPING +0 leather armour.
  1290 | D:1      | 1290 ||| UPGRADING to amulet of the acrobat.
  1295 | D:1      | 1295 ||| READING scroll labelled KAM PACICAPP.
  1298 | D:1      | 1298 ||| READING scroll labelled WEHAES QIAXOS.
  1299 | D:1      | 1299 ||| READING 3 scrolls labelled KIMUET VACO.
  1300 | D:1      | 1300 ||| DROPPING scroll of blinking.
  1301 | D:1      | 1301 ||| DROPPING 2 scrolls of noise.
  1491 | D:2      | 1491 ||| Stepping ~*~*~tactically~*~*~ (stealth).
  1492 | D:2      | 1492 ||| Stepping ~*~*~tactically~*~*~ (stealth).
  1862 | D:2      | 1862 ||| UPGRADING to +0 chain mail.
  1872 | D:2      | 1872 ||| UPGRADING to +0 cloak.
  1877 | D:2      | 1877 ||| DROPPING +0 ring mail.
  1878 | D:2      | 1878 ||| UPGRADING to +4 ring of slaying {mikee}.
  1879 | D:2      | 1879 ||| DRINKING 2 bubbling sapphire potions.
  1918 | D:3      | 1918 ||| STAIRDANCE
  1980 | D:3      | 1980 ||| Stepping ~*~*~tactically~*~*~ (hiding).
  1981 | D:3      | 1981 ||| Stepping ~*~*~tactically~*~*~ (hiding).
  1988 | D:3      | Reached XP level 4. HP: 26/26 MP: 8/8
  2032 | D:3      | 2032 ||| Stepping ~*~*~tactically~*~*~ (stealth).
  2033 | D:3      | 2033 ||| Stepping ~*~*~tactically~*~*~ (stealth).
  2121 | D:3      | 2121 ||| Stepping ~*~*~tactically~*~*~ (stealth).
  2132 | D:3      | Reached skill level 5 in Axes
  2169 | D:3      | 2169 ||| SWAPPING to +0 war axe.
  2170 | D:3      | 2170 ||| DROPPING +0 hand axe.
  2189 | D:3      | 2189 ||| Stepping ~*~*~tactically~*~*~ (stealth).
  2190 | D:3      | 2190 ||| Stepping ~*~*~tactically~*~*~ (stealth).
  2204 | D:3      | 2204 ||| DROPPING +0 whip.
  2235 | D:3      | Noticed a phantom
  2242 | D:3      | Killed a phantom
  2243 | D:3      | Reached skill level 3 in Armour
  2243 | D:3      | Gained mutation: Your magical nature lets you fly swiftly
                  | and evasively. [Tengu growth]
  2243 | D:3      | Reached XP level 5. HP: 30/30 MP: 9/9
  2251 | D:3      | 2251 ||| Stepping ~*~*~tactically~*~*~ (stealth).
  2252 | D:3      | 2252 ||| Stepping ~*~*~tactically~*~*~ (stealth).
  2480 | D:3      | 2480 ||| READING scroll labelled DOBAAT QAKOTZ.
  2481 | D:3      | 2481 ||| READING scroll labelled DYTAC WA CUCOF.
  2482 | D:3      | 2482 ||| READING scroll labelled VOAFORHASK.
  2483 | D:3      | 2483 ||| DRINKING 3 amethyst potions.
  2484 | D:3      | 2484 ||| DRINKING 2 metallic emerald potions.
  2484 | D:3      | Gained mutation: You have an increased reservoir of magic.
                  | (+10% MP) [potion of mutation]
  2484 | D:3      | Gained mutation: You are dopey. (Int -2) [potion of
                  | mutation]
  2506 | D:4      | 2506 ||| STAIRDANCE
  2520 | D:4      | 2520 ||| STAIRDANCE
  2548 | D:4      | 2548 ||| STAIRDANCE
  2588 | D:4      | 2588 ||| STAIRDANCE
  2618 | D:4      | 2618 ||| STAIRDANCE
  2628 | D:4      | Reached XP level 6. HP: 32/35 MP: 10/10
  2686 | D:4      | Identified the +1 leather armour of Imegiaxu {Regen+
                  | Slay+4}
  2772 | D:4      | Noticed Edmund
  2783 | D:4      | Killed Edmund
  2784 | D:4      | Reached skill level 6 in Axes
  2899 | D:4      | 2899 ||| DROPPING +1 mace of protection.
  3203 | D:4      | Reached skill level 7 in Axes
  3216 | D:4      | Found Foulew's Antique Weapon Shop.
  3224 | D:4      | 3224 ||| SHOPLISTING runed war axe (208 gold, have 158).
  3584 | D:4      | 3584 ||| DROPPING +1 flail of draining.
  3585 | D:4      | 3585 ||| DROPPING ring of wizardry.
  3586 | D:4      | 3586 ||| UPGRADING to ring of see invisible.
  3587 | D:4      | 3587 ||| READING scroll labelled KIUSSAINEGG.
  3636 | D:5      | Entered Level 5 of the Dungeon
  3641 | D:5      | 3641 ||| FLEEEEING.
  3642 | D:5      | 3642 ||| FLEEEEING.
  3644 | D:5      | 3644 ||| FLEEEEING.
  3645 | D:5      | 3645 ||| STAIRDANCE
  3708 | D:5      | 3708 ||| Stepping ~*~*~tactically~*~*~ (hiding).
  3709 | D:5      | 3709 ||| Stepping ~*~*~tactically~*~*~ (hiding).
  3714 | D:5      | Reached XP level 7. HP: 36/40 MP: 12/12
  3855 | D:5      | 3855 ||| FLEEEEING.
  3856 | D:5      | 3856 ||| STAIRDANCE
  3894 | D:4      | 3894 ||| UPGRADING to +0 pair of gloves.
  3909 | D:5      | Reached skill level 3 in Fighting
  4028 | D:5      | 4028 ||| Stepping ~*~*~tactically~*~*~ (hiding).
  4189 | D:5      | 4189 ||| Stepping ~*~*~tactically~*~*~ (hiding).
  4197 | D:5      | Reached skill level 8 in Axes
  4197 | D:5      | 4197 ||| FLEEEEING.
  4198 | D:5      | 4198 ||| FLEEEEING.
  4199 | D:5      | 4199 ||| FLEEEEING.
  4200 | D:5      | 4200 ||| FLEEEEING.
  4201 | D:5      | 4201 ||| FLEEEEING.
  4202 | D:5      | 4202 ||| FLEEEEING.
  4203 | D:5      | 4203 ||| FLEEEEING.
  4204 | D:5      | 4204 ||| STAIRDANCE
  4261 | D:4      | 4261 ||| READING scroll labelled OTZE RIMEIWU.
  4262 | D:4      | 4262 ||| READING scroll labelled RIROSS CIEDE.
  4263 | D:4      | 4263 ||| READING scroll labelled FIX WOUHYORO.
  4264 | D:4      | 4264 ||| READING scroll labelled EHOIGO EJOES.
  4365 | D:4      | 4365 ||| DRINKING 2 fuming coppery potions.
  4366 | D:4      | 4366 ||| DROPPING potion of degeneration.
  4369 | D:5      | 4369 ||| STAIRDANCE
  4374 | D:4      | Reached XP level 8. HP: 32/48 MP: 13/13
  4476 | D:4      | 4476 ||| DROPPING +0 flail of protection.
  4534 | D:5      | Reached skill level 9 in Axes
  4542 | D:5      | 4542 ||| Stepping ~*~*~tactically~*~*~ (stealth).
  4546 | D:5      | 4546 ||| Stepping ~*~*~tactically~*~*~ (stealth).
  4547 | D:5      | 4547 ||| Stepping ~*~*~tactically~*~*~ (stealth).
  4549 | D:5      | 4549 ||| Stepping ~*~*~tactically~*~*~ (stealth).
  4570 | D:5      | 4570 ||| Stepping ~*~*~tactically~*~*~ (hiding).
  4633 | D:5      | 4633 ||| READING scroll of enchant weapon.
  4633 | D:5      | 4633 ||| ENCHANTING +0 spectral war axe.
  4659 | D:5      | Found Kunk's Fire Supplies.
  4671 | D:5      | 4671 ||| SHOPLISTING +0 fire dragon scales (780 gold, have
                  | 207).
  4671 | D:5      | 4671 ||| SHOPLISTING ring of fire (325 gold, have 207).
  4671 | D:5      | 4671 ||| SHOPLISTING ring of protection from fire (325
                  | gold, have 207).
  4776 | D:5      | 4776 ||| Stepping ~*~*~tactically~*~*~ (stealth).
  4778 | D:5      | 4778 ||| Stepping ~*~*~tactically~*~*~ (hiding).
  4791 | D:5      | 4791 ||| Stepping ~*~*~tactically~*~*~ (stealth).
  4797 | D:5      | 4797 ||| Stepping ~*~*~tactically~*~*~ (stealth).
  4823 | D:5      | 4823 ||| Stepping ~*~*~tactically~*~*~ (stealth).
  4824 | D:5      | 4824 ||| Stepping ~*~*~tactically~*~*~ (stealth).
  4825 | D:5      | 4825 ||| Stepping ~*~*~tactically~*~*~ (stealth).
  4835 | D:5      | 4835 ||| Stepping ~*~*~tactically~*~*~ (stealth).
  4836 | D:5      | 4836 ||| Stepping ~*~*~tactically~*~*~ (stealth).
  4837 | D:5      | 4837 ||| Stepping ~*~*~tactically~*~*~ (stealth).
  4885 | D:5      | Reached skill level 10 in Axes
  5025 | D:5      | 5025 ||| Stepping ~*~*~tactically~*~*~ (hiding).
  5035 | D:5      | HP: 12/48 [gnoll/+0 spear (2)]
  5036 | D:5      | 5036 ||| READING 2 scrolls of teleportation.
  5036 | D:5      | Slain by a gnoll

Levels and vault maps discovered:
D:1:      psy_arrival_wood_between_worlds, layout_basic,
          chequers_ecumenical_altar_grove
D:2:      layout_rooms, dk_vineyard_2
D:3:      layout_rooms
D:4:      layout_basic, serial_shops, nicolae_lakefront_shop, uniq_edmund
D:5:      layout_cave_pools, serial_gnoll_camp, gnoll_camp_medium_02,
          gnoll_camp_mini_loothouse, gnoll_camp_mini_house, gnoll_camp_mini_hut,
          gnoll_camp_mini_doghouse, nicolae_shop_fire_sale
          [nicolae_sub_dead_trees]

Skill      XL: |  1  2  3  4  5  6  7  8 |
---------------+-------------------------+-----
Axes           | 3 4 5 7 8 10 | 10.0
Armour         | 3 4 |  4.0
Fighting       | 3 4 |  4.0
Throwing       | |  1.0
Dodging        | |  2.1
Spellcasting   | |  2.0
Translocations | |  2.4

Action                   |  1- 3 |  4- 6 |  7- 9 || total
-------------------------+-------+-------+-------++-------
Melee: Hand axe          |    73 |    12 |       ||    85
       Kick              |    25 |    15 |    14 ||    54
       Peck              |    10 |     9 |     9 ||    28
       War axe           |       |    45 |    58 ||   103
       Punch             |       |       |     1 ||     1
Throw: Boomerang         |     7 |    28 |    27 ||    62
  Use: Scroll            |     3 |     4 |     6 ||    13
       Potion            |     1 |     2 |     1 ||     4
Armor: Leather armour    |    14 |       |       ||    14
       Chain mail        |     2 |    22 |    26 ||    50
       Ring mail         |     2 |       |       ||     2
Dodge: Dodged            |    43 |    20 |    37 ||   100

Table legend:
 A = Non-vault XP
 B = Vault XP
 C = Vault XP percentage of total XP
 D = Non-vault monster count
 E = Vault monster count
 F = Vault count percentage of total count
                 A         B        C        D         E       F
            +---------+---------+-------+---------+---------+-------
      Total |    1411 |     502 |  26.2 |      92 |      16 |  14.8
            +---------+---------+-------+---------+---------+-------
        D:1 |      48 |       0 |   0.0 |      28 |       0 |   0.0
        D:2 |      25 |       0 |   0.0 |       8 |       0 |   0.0
        D:3 |     206 |       0 |   0.0 |      25 |       0 |   0.0
        D:4 |     362 |     157 |  30.3 |      16 |       1 |   5.9
        D:5 |     770 |     345 |  30.9 |      15 |      15 |  50.0
            +---------+---------+-------+---------+---------+-------
